 Dungeon Crawl Stone Soup version 0.31.0-11-ge490571c62 (webtiles) character file.

Game seed: 6212034511650148361

1 Arvy the Sneak (level 1, -2/18 HPs)
             Began as an Armataur Delver on Feb 9, 2024.
             Succumbed to a scorpion's poison
             ... on level 5 of the Dungeon.
             The game lasted 00:01:51 (118 turns).

Arvy the Sneak (Armataur Delver)                     Turns: 118, Time: 00:01:52

Health: -2/18      AC:  4    Str: 17    XL:     1   Next: 16%
Magic:  1/1        EV:  9    Int: 10    God:
Gold:   0          SH:  0    Dex: 11    Spells: 0/0 levels left

rFire   . . .        a - +0 falchion
rCold   . . .        (no shield)
rNeg    . . .        b - +0 leather armour
rPois   .            (no helmet)
rElec   .            (no cloak)
rCorr   .            (no gloves)
SInv    .            (no barding)
Will    .....        (no amulet)
Stlth   +++          (no ring)
HPRegen 0.23/turn    (no ring)
MPRegen 0.07/turn

%: roll
@: lethally poisoned (-2 -> -14)
A: large, deformed body, tough skin 3, armoured tail, roll 1
a: no special abilities


You were on level 5 of the Dungeon.
You visited 1 branch of the dungeon, and saw 2 of its levels.

Inventory:

Hand Weapons
 a - a +0 falchion (weapon)
Missiles
 h - 6 poisoned darts (quivered)
Armour
 b - a +0 leather armour (worn)
Wands
 g - a wand of digging (3)
Scrolls
 c - a scroll of fog
 d - a scroll of revelation
 e - a scroll of fear
 i - a scroll of teleportation {unknown}
Potions
 f - a potion of haste


   Skills:
 + Level 2.6 Fighting
 + Level 1.7 Long Blades
 + Level 1.3 Dodging
 + Level 5.5 Stealth


You couldn't memorise any spells.
You didn't know any spells.
Your spell library was empty.

Dungeon Overview and Level Annotations

Branches:
Dungeon (6/15)
 Temple: D:4-7

Altars:

Shops:
D:5 **

Annotations:
D:5 Ijyb


Innate Abilities, Weirdness & Mutations

Armour fits poorly on your strangely shaped body.
You have extremely tough skin. (AC +3)
You have a long armoured tail.
You regenerate magic when rolling toward enemies. (Rampage MPRegen)


Message History

The helpless quokka fails to defend itself.
You hit the quokka.
Your tail-slap misses the quokka.
The quokka is lightly wounded.
The quokka bites you but does no damage.
The quokka completely misses you.
You hit the quokka.
The quokka is almost dead.
The quokka barely misses you.
You hit the quokka.
You kill the quokka!
You see here a quokka corpse.
You open the door.
There is an open door here.
Found Wamazar's General Store.
Found Muqi's Specific Store.
There is a fountain of sparkling water here.
There is an entrance to Muqi's Specific Store here.
There is an entrance to Wamazar's General Store here.
A scorpion comes into view.
Found a scroll labelled PUICSA ZAMPETA.
You see here a scroll labelled PUICSA ZAMPETA.
i - a scroll labelled PUICSA ZAMPETA
Found 5 stones.
Found a stone staircase leading down.
The scorpion attacks as it pursues you! The scorpion stings you.
You are poisoned.
The scorpion poisons you!
There is a stone staircase leading down here.
Ijyb the Twisted Goblin comes into view.
She is wielding a +0 club and carrying a wand of paralysis.
You feel very sick. The scorpion attacks as it pursues you!
The scorpion stings you.
You are more poisoned.
The scorpion poisons you!
* * * LOW HITPOINT WARNING * * *
You feel very sick.
* * * LOW HITPOINT WARNING * * *
You feel very sick. The scorpion attacks as it pursues you!
The scorpion stings you but does no damage.
You die...

. .. #####
...######+###...##
.................#
...g........(....#
.......@.s.>.....# #
.................# #
...##.##..###...########
. ## ######...##.....#
..........######.
..........##⌠∩⌠#.
..........#......
..........#......
#.####...##.....#


You could see Ijyb (asleep) and a scorpion.

Vanquished Creatures
  A quokka (D:5)
1 creature vanquished.

Notes
Turn   | Place    | Note
-------+----------+-------------------------------------------
     0 | D:5      | Arvy the Armataur Delver began the quest for the Orb.
     0 | D:5      | Reached XP level 1. HP: 18/18 MP: 1/1
     1 | D:6      | Noticed a sleepcap
     1 | D:6      | Noticed a black bear
     1 | D:6      | Noticed a howler monkey
    50 | D:5      | Found Wamazar's General Store.
    52 | D:5      | Found Muqi's Specific Store.
    95 | D:5      | Noticed a scorpion
   115 | D:5      | Noticed Ijyb
   118 | D:5      | Succumbed to a scorpion's poison

Illustrated notes

Levels and vault maps discovered:
D:5:      layout_gridville, nicolae_specific_store, dk_rats_in_the_wall,
          uniq_ijyb
D:6:      layout_loops_ring, gammafunk_temple_overflow_elements

Action                     || total
---------------------------++-------
  Melee: Falchion          ||     3
   Stab: Sleeping          ||     1
 Armour: Leather armour    ||     4
  Dodge: Dodged            ||     2
